 Dungeon Crawl Stone Soup version 0.18.1-48-g4cf74bf (webtiles) character file.

68 Heedrag the Magician (level 4, 0/24 HPs)
             Began as a Deep Elf Conjurer on July 24, 2016.
             Succumbed to an adder's poison
             ... on level 3 of the Dungeon.
             The game lasted 00:03:52 (1053 turns).

Heedrag the Magician (Deep Elf Conjurer)            Turns: 1053, Time: 00:03:53

Health: 0/24       AC:  3    Str:  6    XL:     4   Next: 1%
Magic:  0/13       EV: 13    Int: 20    God:
Gold:   84         SH:  0    Dex: 15    Spells: 2 memorised, 10 levels left

rFire  . . .     SeeInvis .     j - +0 dagger
rCold  . . .     Gourm    .     a - +0 robe
rNeg   . . .     Faith    .     (no shield)
rPois  .         Spirit   .     g - +0 helmet
rElec  .         Dismiss  .     (no cloak)
rCorr  .         Reflect  .     (no gloves)
SustAt .         Harm     .     (no boots)
MR     +....                    k - amulet of regeneration
Stlth  ++........               (no ring)
                                l - ring of protection from magic

@: lethally poisoned (0 -> -5), very slightly contaminated, hasted, very quick,
somewhat resistant to hostile enchantments, unstealthy
A: no striking features
a: no special abilities


You were on level 3 of the Dungeon.
You were not hungry.

You visited 1 branch of the dungeon, and saw 3 of its levels.

You collected 84 gold pieces.

Inventory:

Hand Weapons
 j - a +0 dagger (weapon)
Armour
 a - a +0 robe (worn)
 g - a +0 helmet (worn)
Jewellery
 k - an amulet of regeneration (around neck)
 l - a ring of protection from magic (left hand)
Scrolls
 d - 2 scrolls of blinking {unknown}
 e - a scroll of random uselessness {unknown}
 f - a scroll of amnesia {unknown}
 h - a scroll of recharging {unknown}
 i - a scroll of fog {unknown}
 m - 3 scrolls of remove curse {unknown}
 p - a scroll of identify {unknown}
Books
 b - a book of Conjurations

   Spells                             Type                      Level
   a - Magic Dart                     Conjuration                  1
   b - Searing Ray                    Conjuration                  2
   c - Dazzling Spray                 Conjuration/Hexes            3
   d - Fulminant Prism                Conjuration/Hexes            4
   e - Iskenderun's Mystic Blast      Conjuration                  4
   f - Iskenderun's Battlesphere      Conjuration/Charms           5
Comestibles
 c - a bread ration
 o - 3 chunks of flesh


   Skills:
 - Level 2.4 Dodging
 - Level 2.4 Stealth
 * Level 5.9 Spellcasting
 - Level 4.3 Conjurations


You had 10 spell levels left.
You knew the following spells:

 Your Spells              Type           Power        Failure   Level  Hunger
a - Magic Dart            Conj           ###.         1%          1    None
b - Dazzling Spray        Conj/Hex       ##....       14%         3    ##.....


Dungeon Overview and Level Annotations

Branches:
Dungeon (3/15)

Altars:

Annotations:
D:2 Robin


Message History

Tha adder be heavily wounded.
* * * LOW HITPOINT WARNIN'
* * * Ye feel sick.
Tha adder misses ye.
Castin': Magic Dart Confirm wit' . or Enter, or press ? or * ta list all spells.
Ye dinnae haf enough magic ta cast tha spell.
Unknown command.
Drink which item? (? fer menu, 'sc ta quit) It was a potion o' haste.
Ye feel yerself speed up.
Tha adder barely misses ye.
Ye be very lightly contaminated wit' residual magic.
Ye miss tha adder.
Tha adder be heavily wounded.
* * * LOW HITPOINT WARNIN'
* * * Ye feel sick.
Tha adder bites ye.
* * * LOW HITPOINT WARNIN'
* * * Ye be more poison'd.
Tha adder poisons ye!
Ye hit tha adder but do nay damage.
Tha adder be heavily wounded.
Ye die...

### ....
(....
......###
.....JS@#
..###.###
#


You could see an ooze and an adder.

Vanquished Creatures
  An adder (D:1)
  An ooze (D:1)
  A worm (D:2)
  2 dart slugs (D:1)
  A ball python (D:2)
  3 giant cockroaches
  10 goblins
  4 hobgoblins
  5 jackals
  2 quokkas (D:2)
  5 bats
  4 kobolds
  3 rats
42 creatures vanquished.

Notes
Turn   | Place    | Note
--------------------------------------------------------------
     0 | D:1      | Heedrag the Deep Elf Conjurer began the quest for the Orb.
     0 | D:1      | Reached XP level 1. HP: 10/10 MP: 6/6
   108 | D:1      | Reached XP level 2. HP: 15/15 MP: 0/8
   139 | D:1      | Reached skill level 4 in Spellcasting
   666 | D:1      | Reached skill level 5 in Spellcasting
   666 | D:1      | Reached XP level 3. HP: 13/19 MP: 4/11
   699 | D:1      | Learned a level 3 spell: Dazzling Spray
  1022 | D:2      | Noticed Robin
  1040 | D:3      | Reached XP level 4. HP: 15/24 MP: 1/13
  1052 | D:3      | HP: 1/24 [adder (1)]
  1053 | D:3      | Succumbed to an adder's poison

Skill      XL: |  1  2 |
---------------+-------+-----
Spellcasting   | 5 |  5.9
Dodging        | |  2.4
Stealth        | |  2.4
Conjurations   | |  4.3

Action                   |  1- 3 |  4- 6 || total
-------------------------+-------+-------++-------
Melee: Unarmed           |     3 |       ||     3
       Dagger            |    11 |    10 ||    21
 Cast: Magic Dart        |    87 |     3 ||    90
  Use: Potion            |       |     1 ||     1
Armor: Robe              |     2 |     2 ||     4
Dodge: Dodged            |    19 |     6 ||    25
